 Dungeon Crawl Stone Soup version 0.30-a0-12-gd8047c6341 (webtiles) character file.

Game seed: 457186704772574966

46 ytrimaz the Cudgeller (level 3, -8/29 HPs)
             Began as a Demonspawn Monk on Aug 23, 2022.
             Mangled by Sigmund
             ... wielding a +0 scythe
              (13 damage)
             ... on level 2 of the Dungeon.
             The game lasted 00:01:33 (2114 turns).

ytrimaz the Cudgeller (Demonspawn Monk)             Turns: 2114, Time: 00:01:33

Health: -8/29      AC:  4    Str: 11    XL:     3   Next: 46%
Magic:  3/3        EV: 12    Int: 13    God:
Gold:   84         SH:  0    Dex: 15    Spells: 2/2 levels left

rFire   . . .      SeeInvis .    a - +1 mace (chaos)
rCold   . . .      Faith    .    (no shield)
rNeg    . . .      Spirit   .    b - +0 robe
rPois   .          Reflect  .    (no helmet)
rElec   .          Harm     .    (no cloak)
rCorr   .          Rampage  .    (no gloves)
Will    .....                    (no boots)
Stlth   ++........               (no amulet)
HPRegen 0.09/turn                (no ring)
MPRegen 0.08/turn                (no ring)

@: no status effects
A: thin metallic scales 1
a: no special abilities


You were on level 2 of the Dungeon.
You visited 1 branch of the dungeon, and saw 2 of its levels.

You collected 84 gold pieces.

Inventory:

Hand Weapons
 a - a +1 mace of chaos (weapon)
Armour
 b - a +0 robe (worn)
Scrolls
 d - a scroll of teleportation {unknown}
 g - a scroll of vulnerability {unknown}
 i - a scroll of identify {unknown}
Potions
 c - a potion of ambrosia
 e - a potion of heal wounds {unknown}
 f - a potion of curing
 h - a potion of magic
 j - 2 potions of lignification {unknown}


   Skills:
 - Level 3.0 Fighting
 + Level 4.1 Maces & Flails
 - Level 2.6 Dodging
 - Level 1.7 Stealth


You had 2 spell levels left.
You didn't know any spells.
Your spell library was empty.

Dungeon Overview and Level Annotations

Branches:
Dungeon (2/15)

Altars:

Shops:
D:2 ?

Annotations:
D:2 Sigmund


Innate Abilities, Weirdness & Mutations

You are partially covered in thin metallic scales. (AC +2)


Message History

The adder is severely wounded.
You feel sick.
You are no longer poisoned.
The helpless adder fails to defend itself.
You thump the adder!
You kill the adder!
j - 2 smoky silvery potions You see here an adder corpse.
Sigmund the Dreaded comes into view.
He is wielding a +0 scythe.
Sigmund is nearby!
Sigmund is nearby!
Found a pair of boots.
Sigmund hits you with a +0 scythe!
You closely miss Sigmund. You barely miss Sigmund. Sigmund closely misses you.
You sock Sigmund!
Sigmund is moderately wounded.
Sigmund hits you with a +0 scythe!
* * * LOW HITPOINT WARNING * * *
You hit Sigmund.
Sigmund is heavily wounded.
Sigmund points at you and mumbles some strange words.
You are confused.
Unknown command.
It was a potion of curing.
You feel better. Sigmund barely misses you.
It was a potion of magic.
Magic courses through your body.
You hit Sigmund but do no damage.
Sigmund is heavily wounded.
Sigmund mumbles some strange words.
Sigmund flickers and vanishes!
Deactivating autopickup; reactivate with Ctrl-A.
Something hits you.
You barely miss something.
Unknown command.
You hit something.
Nothing appears to happen.
You hear some strange, mumbled words.
A magic dart appears from out of thin air!
The magic dart hits you!
* * * LOW HITPOINT WARNING * * *
You closely miss something. Something hits you!
You die...

#............<..##.#
# #.#.###....#.#### #
#.#<# ######..# #
############.#.#...
.....................
##.....†)..##.......
#.........# .....>.
#.{.......# #.....
#.@.......# .....
#............ ....
............#. +#+#
...####.........# #
..... +......... ####
#......... #........
.[...


There were no monsters in sight!

Vanquished Creatures
  An adder (D:2)
  2 dart slugs (D:1)
  3 bats (D:1)
  4 endoplasms
  3 goblins
  A hobgoblin (D:2)
  3 quokkas
  A ball python (D:1)
  10 frilled lizards (D:1)
  3 kobolds
  4 rats
35 creatures vanquished.

Vanquished Creatures (others)
  7 plants (D:1)
7 creatures vanquished.

Grand Total: 42 creatures vanquished

Notes
Turn   | Place    | Note
-------+----------+-------------------------------------------
     0 | D:1      | ytrimaz the Demonspawn Monk began the quest for the Orb.
     0 | D:1      | Reached XP level 1. HP: 18/18 MP: 1/1
   157 | D:1      | Reached skill level 3 in Maces & Flails
   563 | D:1      | Gained mutation: You are partially covered in thin metallic
                  | scales. (AC +2) [demonic ancestry]
   563 | D:1      | Reached XP level 2. HP: 24/24 MP: 2/2
  1542 | D:2      | Reached XP level 3. HP: 25/29 MP: 3/3
  1790 | D:2      | Found Zyop's Magic Scroll Shoppe.
  2005 | D:2      | Reached skill level 4 in Maces & Flails
  2100 | D:2      | Noticed Sigmund
  2114 | D:2      | Mangled by Sigmund

Illustrated notes

Levels and vault maps discovered:
D:1:      lightli_arrival_isolated_outpost, layout_basic, minmay_lizard_king
D:2:      layout_basic, chequers_ecumenical_altar_island, serial_shops,
          nicolae_shop_statue_plus, uniq_sigmund

Skill      XL: |  1  2  3 |
---------------+----------+-----
Maces & Flails | 3 4 |  4.1
Fighting       | |  3.0
Dodging        | |  2.6
Stealth        | |  1.7

Action                   || total
-------------------------++-------
Melee: Mace              ||   111
       Punch             ||     2
  Use: Scroll            ||     5
       Potion            ||     2
 Stab: Sleeping          ||     1
       Petrified         ||     2
       Petrifying        ||     1
Armor: Robe              ||    24
Dodge: Dodged            ||    70

Table legend: (Time is in decaauts)
 A = Elapsed time spent in this place.
 B = Non-inter-level travel time spent in this place.
 C = Inter-level travel time spent in this place.
 D = Time resting spent in this place.
 E = Time spent auto-exploring this place.
 F = Levels seen in this place.
 G = Mean time per level.
                   A        B        C        D        E       F      G
               +--------+--------+--------+--------+--------+-----+--------+
         Total |   2149 |   2086 |     63 |      0 |   1784 |   2 | 1074.5 |
       Dungeon |   2149 |   2086 |     63 |      0 |   1784 |   2 | 1074.5 |
               +--------+--------+--------+--------+--------+-----+--------+

Top non-repeatable levels by time:
     D:1: 1563 daAuts
     D:2: 585 daAuts
